 Dungeon Crawl Stone Soup version 0.29.1-1-gd02db6906a (webtiles) character file.

Game seed: 14567941524307887866

108 xian the Shooter (level 4, -7/36 HPs)
             Began as a Palentonga Hunter on Oct 4, 2022.
             Killed by nerve-wracking pain
             ... invoked by a shadow imp
             ... summoned by Natasha
              (11 damage)
             ... on level 3 of the Dungeon.
             The game lasted 00:04:21 (2861 turns).

xian the Shooter (Palentonga Hunter)                Turns: 2861, Time: 00:04:23

Health: -7/36      AC:  8    Str: 18    XL:     4   Next: 58%
Magic:  4/4        EV:  5    Int: 10    God:
Gold:   9          SH:  0    Dex: 13    Spells: 3/3 levels left

rFire   . . .      SeeInvis +   n - +0 war axe
rCold   . . .      Faith    .   (no shield)
rNeg    . . .      Spirit   .   k - +0 chain mail
rPois   .          Reflect  .   f - +0 helmet
rElec   .          Harm     .   (no cloak)
rCorr   .          Rampage  .   (no gloves)
Will    .....                   (no barding)
Stlth   ..........              (no amulet)
HPRegen 0.12/turn               (no ring)
MPRegen 0.09/turn               (no ring)

@: on berserk cooldown, slowed, very slow
A: large, rugged brown scales 3, see invisible, deformed body, roll 1, armoured
tail
a: Rolling Charge


You were on level 3 of the Dungeon.
You visited 1 branch of the dungeon, and saw 3 of its levels.

You collected 69 gold pieces.
You spent 60 gold pieces at shops.

Inventory:

Hand Weapons
 a - a +0 shortbow
 n - a +0 war axe (weapon)
Armour
 f - a +0 helmet (worn)
 k - a +0 chain mail (worn)
Scrolls
 b - 2 scrolls of immolation
 c - a scroll of fear
 e - a scroll of teleportation
 j - 4 scrolls of fog
Potions
 d - 3 potions of curing
 g - a potion of flight {unknown}
 h - 2 potions of might
 i - a potion of heal wounds
 l - a potion of haste
 o - a potion of resistance
 p - 2 potions of berserk rage


   Skills:
 + Level 2.5 Fighting
 + Level 0.1 Axes
 + Level 4.5 Ranged Weapons
 + Level 1.0 Armour
 + Level 1.6 Dodging
 + Level 0.6 Stealth


You had 3 spell levels left.
You didn't know any spells.
Your spell library was empty.

Dungeon Overview and Level Annotations

Branches:
Dungeon (3/15)

Altars:
Hepliaklqana

Shops:
D:2 ?

Annotations:
D:3 Natasha


Innate Abilities, Weirdness & Mutations

You are completely covered in rugged brown scales. (AC +3, +7% HP)
You have supernaturally acute eyesight. (SInv)
Armour fits poorly on your strangely shaped body.
You can roll at nearby foes to attack.
You have a long armoured tail.


Message History

The shadow imp hits you but does no damage.
You feel much better. Natasha claws you. The iron imp hits you.
The crimson imp hits you but does no damage.
The shadow imp hits you but does no damage.
A red film seems to cover your vision as you go berserk!
You feel yourself moving faster!
You feel mighty! Natasha claws you. The iron imp hits you.
The crimson imp hits you but does no damage.
The shadow imp barely misses you.
You slash Natasha!
You kill Natasha!
Natasha yowls pathetically as she dies!
The iron imp disappears in a puff of smoke!
The crimson imp disappears in a puff of smoke!
The shadow imp disappears in a puff of smoke!
You feel a strong urge to attack something.
You feel your anger nearly subside.
You are no longer berserk.
You are exhausted.
You feel yourself slow down.
You start resting.
Natasha, Servant of Life and Death comes into view.
Natasha is nearby!
Natasha is nearby!
Natasha is nearby!
Natasha hisses angrily.
Natasha casts a spell.
Found a stone staircase leading up.
Natasha claws you.
You hit Natasha but do no damage. Natasha casts a spell at you.
The magic dart hits you. Natasha barely misses you.
The shadow imp gestures at you. Pain shoots through your body!
* * * LOW HITPOINT WARNING * * *
You completely miss Natasha. You barely miss the shadow imp. Natasha claws you.
* * * LOW HITPOINT WARNING * * *
The shadow imp hits you but does no damage.
Natasha claws you but does no damage. The shadow imp gestures at you.
Pain shoots through your body!
You die...

.<# ...#
..## #..#
#..#
###..####
#.5h....#
#..@....#
#......<#
#.......#
#.......#
#.<.....#
#.......#
#.......#
#########


You could see Natasha and a shadow imp (summoned).

Vanquished Creatures
  Natasha (D:3)
  3 adders (D:2)
  3 worms (D:2)
  A dart slug (D:2)
  2 endoplasms
  2 giant cockroaches (D:1)
  2 goblins
  4 hobgoblins
  4 jackals (D:1)
  3 kobolds
  2 quokkas
  7 ball pythons
  9 bats
  A frilled lizard (D:1)
  A rat (D:1)
45 creatures vanquished.

Notes
Turn   | Place    | Note
-------+----------+-------------------------------------------
     0 | D:1      | xian the Palentonga Hunter began the quest for the Orb.
     0 | D:1      | Reached XP level 1. HP: 17/17 MP: 1/1
   276 | D:1      | Reached XP level 2. HP: 23/23 MP: 2/2
  1224 | D:2      | Reached XP level 3. HP: 24/28 MP: 3/3
  1329 | D:2      | Found a hazy altar of Hepliaklqana.
  1339 | D:2      | Reached skill level 4 in Ranged Weapons
  2224 | D:2      | Reached XP level 4. HP: 36/36 MP: 4/4
  2271 | D:2      | Reached skill level 1 in Armour
  2520 | D:2      | Found Vijack's Magic Scroll Boutique.
  2528 | D:2      | Bought a scroll of identify for 24 gold pieces
  2528 | D:2      | Bought a scroll of identify for 24 gold pieces
  2528 | D:2      | Bought a scroll of noise for 12 gold pieces
  2603 | D:2      | Found a faded altar of an unknown god.
  2830 | D:3      | Noticed Natasha
  2838 | D:3      | HP: 1/36 [Natasha (2)]
  2841 | D:3      | Killed Natasha
  2856 | D:3      | Noticed Natasha
  2861 | D:3      | Killed from afar by a shadow imp

Illustrated notes

Levels and vault maps discovered:
D:1:      dpeg_arrival_chambers_temple_mockup, layout_basic,
          minmay_misc_feat_encased
D:2:      layout_basic, serial_corexii_hall, chequers_hall_statues_y,
          corexii_hall_statues_l, ebering_ecumenical_altar_petrified,
          basic_altar, serial_shops, shop
D:3:      minmay_angry_zag, layout_rooms, uniq_natasha

Skill      XL: |  1  2  3  4 |
---------------+-------------+-----
Ranged Weapons | 4 |  4.5
Armour         | 1 |  1.0
Fighting       | |  2.5
Axes           | |  0.1
Dodging        | |  1.6
Stealth        | |  0.6

Action                   |  1- 3 |  4- 6 || total
-------------------------+-------+-------++-------
Melee: War axe           |     7 |     6 ||    13
       Tailslap          |     1 |     1 ||     2
 Fire: Shortbow          |   131 |    33 ||   164
  Use: Scroll            |     5 |     5 ||    10
       Potion            |     4 |     2 ||     6
Armor: Leather armour    |     9 |       ||     9
       Chain mail        |    31 |    47 ||    78
Dodge: Dodged            |    25 |    17 ||    42
